 Dungeon Crawl Stone Soup version 0.16-a0-3749-g20dbed2 (console) character file.

332 MrRokkomies the Skirmisher (level 6, 0/40 HPs)
             Began as a Gargoyle Abyssal Knight on Jan 23, 2015.
             Was a Priest of Lugonu.
             Killed from afar by a kobold (35 damage)
             ... with an exploding inner flame
             ... hexed by the player character
             ... on level 4 of the Dungeon.
             The game lasted 00:21:00 (3421 turns).

MrRokkomies the Skirmisher (GrAK)                   Turns: 3421, Time: 00:21:00

Health: 0/40       AC: 15    Str: 18    XL:     6   Next: 52%
Magic:  0/10       EV:  7    Int: 12    God:    Lugonu [***...]
Gold:   240        SH:  0    Dex:  9    Spells: 0 memorised, 5 levels left

rFire  . . .     SeeInvis .     a - +0 flail
rCold  . . .     Clarity  .     r - +0 chain mail
rNeg   + . .     SustAb   .     (no shield)
rPois  ∞         Gourm    .     o - +0 hat
rElec  +         Spirit   +     (no cloak)
rCorr  .         Warding  .     g - +0 pair of gloves
rMut   .         Stasis   .     d - +0 pair of boots
MR     .....                    q - amulet of guardian spirit
Stlth  ..........               (no ring)
                                (no ring)

@: not resistant to hostile enchantments, extremely unstealthy
A: negative energy resistance 1, electricity resistance, unbreathing,
petrification resistance, rot immunity, AC +4
a: Depart the Abyss, Bend Space, Banish, Renounce Religion


You were on level 4 of the Dungeon.
You worshipped Lugonu.
Lugonu was most pleased with you.
You were not hungry.

You visited 1 branch of the dungeon, and saw 4 of its levels.
You visited the Abyss 1 time.

You collected 240 gold pieces.

Inventory:

Hand weapons
 a - a +0 flail (weapon)
 y - a +0 shortbow
Missiles
 i - 30 poisoned needles
 k - 20 stones (quivered)
 z - 43 arrows
Armour
 d - a +0 pair of boots (worn)
 g - a +0 pair of gloves (worn)
 o - a +0 hat (worn)
 r - a +0 chain mail (worn)
Jewellery
 e - an uncursed ring of ice
 q - an amulet of guardian spirit (around neck)
Magical devices
 h - a wand of teleportation (2)
Scrolls
 b - 4 scrolls of remove curse
Potions
 j - a potion of curing
 l - 2 potions of heal wounds
 m - a potion of agility
 n - a potion of invisibility
 p - a potion of resistance
 t - a potion of brilliance
 u - a potion of cancellation {unknown}
 v - a potion of lignification {unknown}
Comestibles
 c - 3 bread rations
 f - a meat ration
 w - a beef jerky


   Skills:
 - Level 5.3 Fighting
 * Level 4.3 Maces & Flails
 - Level 2.1 Armour
 - Level 0.7 Dodging
 * Level 4.0 Invocations


You had 5 spell levels left.
You didn't know any spells.

Dungeon Overview and Level Annotations

Branches:
Dungeon (4/15)
 Temple: D:4-7

Altars:
Cheibriados
Dithmenos
Gozag
Qazlal
The Shining One

Annotations:
D:4 Xiguana's ghost, average TrMo


Innate Abilities, Weirdness & Mutations

You are resistant to torment.
You are immune to poison.
Your stone body is very resilient (AC +4).
You resist negative energy.
You are resistant to electric shocks.
You can survive without breathing.
You are immune to petrification.
You are immune to rotting.


Message History

Okay, then.
Read which item? (? for menu, Esc to quit)
As you read the scroll of immolation, it crumbles to dust.
The creatures around you are filled with an inner flame!
Xiguana's ghost hits you but does no damage.
The kobold hits you but does no damage.
Your chain mail prevents you from hitting the kobold.
Xiguana's ghost hits you. The kobold closely misses you.
Your chain mail prevents you from hitting the kobold.
Xiguana's ghost barely misses you. The kobold hits you but does no damage.
You closely miss the kobold. Xiguana's ghost hits you.
The kobold hits you but does no damage.
Your chain mail prevents you from hitting the kobold.
Xiguana's ghost barely misses you. The kobold barely misses you.
Xiguana's ghost hits you but does no damage.
You thump the kobold!
The kobold explodes!
The fiery explosion engulfs you!
Ouch! That really hurt!
You die...

#... #...
#... .#...
.....
......
......
...... ###
#+#...
#.########
#...
#...W@§h.#
...$.
#<..####.#
#####
#.#.#
#†..#
...#.#
#h.....
...###.#
#........
+... #.#
#........
#.. #.#
#.......
#.. #..
....... .
#.. ......
#.. ...
#..


You could see Xiguana's ghost (inner flame) and a jackal (inner flame).

Vanquished Creatures
  An ogre (D:4)
  An orc priest (D:3)
  A giant frog skeleton (D:4)
  2 orc wizards (D:4)
  3 adders
  3 worms (D:2)
  An ooze (D:2)
  7 orcs
  7 bats
  4 giant cockroaches
  9 goblins
  11 hobgoblins
  13 jackals
  3 giant geckos
  4 giant newts
  10 kobolds
  8 rats
88 creatures vanquished.

Notes
Turn   | Place    | Note
--------------------------------------------------------------
     0 | Abyss:1  | MrRokkomies, the Gargoyle Abyssal Knight, began the quest for the Orb.
     0 | Abyss:1  | Reached XP level 1. HP: 14/14 MP: 1/1
    26 | Abyss:1  | Noticed a water elemental
    29 | Abyss:1  | Noticed a hell hound
    35 | D:1      | Escaped the Abyss
   338 | D:1      | Reached XP level 2. HP: 16/19 MP: 2/2
   393 | D:1      | Acquired Lugonu's first power
   771 | D:1      | Reached XP level 3. HP: 22/24 MP: 4/4
  1241 | D:2      | Reached skill level 4 in Fighting
  1346 | D:2      | Found a stormy altar of Qazlal.
  1393 | D:2      | Found a snail-covered altar of Cheibriados.
  1615 | D:2      | Acquired Lugonu's second power
  1640 | D:2      | Found an opulent altar of Gozag.
  1673 | D:2      | Reached XP level 4. HP: 27/29 MP: 5/5
  2128 | D:3      | Found a glowing golden altar of the Shining One.
  2179 | D:3      | Reached XP level 5. HP: 28/34 MP: 5/8
  2353 | D:3      | Found a shadowy altar of Dithmenos.
  2644 | D:3      | Acquired Lugonu's third power
  2730 | D:4      | Noticed an ogre
  2751 | D:4      | Killed an ogre
  2751 | D:4      | Reached skill level 5 in Fighting
  2751 | D:4      | Reached XP level 6. HP: 21/40 MP: 3/10
  3412 | D:4      | Noticed Xiguana's ghost (average TrMo)
  3421 | D:4      | Killed from afar by a kobold

Action                   |  1- 3 |  4- 6 || total
-------------------------+-------+-------++-------
Melee: Mace              |   147 |    66 ||   213
       Flail             |       |   177 ||   177
Invok: Depart the Abyss  |     1 |       ||     1
       Banish            |       |     1 ||     1
  Use: Scroll            |     8 |     7 ||    15
       Potion            |       |     3 ||     3
  Eat: Chunk             |     2 |     7 ||     9
